AoeStats
← 西门大官人

African Clearing

510330451Analyzed
4v4 RM · 2d ago on Sep 30, 2026· 36m 14s· 8 players
Game mode
Random Map
Map size
Large (8 player)
Population
200
Speed
Normal
Resources
Standard
Victory
Conquest
Starting age
Dark Age
Ending age
Imperial Age
RankedLock teamsTeams togetherTeam positionsShared explorationLock speedFull tech treeHidden civsTurbo modeCheats
Victory
Defeat
🇨🇳 Danes · China
1499
+13
🇨🇳 Sicilians · China
1428
+16
1340
+19
🇨🇳 Spanish · China
1289
+22
🇨🇳 Japanese · China
1440
-18
🇬🇧 Varangians · United Kingdom
1422
-18
🇨🇳 Maya · China
1412
-17
🇻🇳 Mongols · Vietnam
1406
-17
shogun
3:59 Loom
14:14 Feudal Age
16:54 Wheelbarrow
16:35 Forging
17:21 Scale Mail Armor
18:01 Double-Bit Axe
23:40 Fletching
24:32 Padded Archer Armor
27:06 Horse Collar
喷火龙
13:35 Feudal Age
17:19 Castle Age
15:43 Double-Bit Axe
16:22 Fletching
17:55 Bodkin Arrow
22:40 Wheelbarrow
24:57 Pikeman
31:12 Ballistics
31:41 Horse Collar
ash.burlaczenko
13:14 Feudal Age
15:35 Loom
20:46 Castle Age
27:47 Fletching
西门大官人
7:44 Loom
11:43 Feudal Age
15:53 Castle Age
13:59 Double-Bit Axe
18:21 Wheelbarrow
18:33 Horse Collar
20:10 Fletching
22:20 Town Watch
24:37 Stone Mining
25:34 Bodkin Arrow
28:33 Gold Mining
29:35 Hand Cart
33:16 Padded Archer Armor
36:02 Imperial Age
34:42 Leather Archer Armor
36:28 Ballistics
被判西西弗斯之刑
6:29 Loom
13:26 Feudal Age
14:41 Double-Bit Axe
17:34 Castle Age
19:12 Bow Saw
23:29 Forging
24:51 Wheelbarrow
31:51 Scale Barding Armor
32:22 Iron Casting
32:54 Hand Cart
32:24 Town Watch
36:57 Chain Barding Armor
马虎
3:12 Loom
13:13 Feudal Age
18:51 Castle Age
21:13 Fletching
金戈铁鸡
7:09 Loom
8:56 Loom
9:47 Loom
12:09 Loom
15:30 Feudal Age
16:57 Double-Bit Axe
19:53 Castle Age
17:46 Fishing Lines
18:28 Horse Collar
21:32 Bow Saw
22:50 Wheelbarrow
23:47 Town Watch
23:58 Gillnets
26:16 Heavy Plow
28:48 Hand Cart
29:00 Gold Mining
33:05 Imperial Age
31:39 Forging
31:43 Squires
32:05 Arson
32:51 Scale Mail Armor
33:28 Iron Casting
33:51 Chain Mail Armor
33:24 Heavy Scorpion
33:42 Elite Jomsviking
35:40 Blast Furnace
34:56 Chain Mail Armor
37:00 Conscription
大空魔术师
2:51 Loom
11:37 Feudal Age
18:55 Wheelbarrow
21:46 Castle Age
21:21 Scale Barding Armor
21:40 Bloodlines
21:53 Light Cavalry
23:05 Chain Barding Armor
25:30 Horse Collar
30:29 Forging
31:27 Husbandry
32:44 Iron Casting
34:59 Hand Cart
34:54 Town Watch
Connection lost

Rejoining the realm…

Still unreachable

The connection could not be restored.

Session expired

The server has moved on; the page needs a fresh start.